 Dungeon Crawl Stone Soup version 0.20.0-15-g7f486f2 (webtiles) character file.

117 peteyfrogboy the Gusty (level 5, -11/28 HPs)
             Began as a Tengu Air Elementalist on June 15, 2017.
             Killed by divine providence
             ... invoked by an orc priest
              (15 damage)
             ... on level 3 of the Dungeon.
             The game lasted 00:08:43 (2357 turns).

peteyfrogboy the Gusty (Tengu Air Elementalist)     Turns: 2357, Time: 00:08:44

Health: -11/28     AC:  7    Str:  9    XL:     5   Next: 1%
Magic:  5/10       EV: 13    Int: 16    God:
Gold:   100        SH:  0    Dex: 14    Spells: 4/10 levels left

rFire    + . .     SeeInvis .   a - +1 dagger (drain)
rCold    . . .     Gourm    .   (no shield)
rNeg     . . .     Faith    .   n - +0 robe
rPois    .         Spirit   .   (helmet restricted)
rElec    .         Reflect  .   p - +1 cloak
rCorr    .         Harm     .   e - +2 pair of gloves
MR       .....                  (boots unavailable)
Stlth    ++........             (no amulet)
Regen    0.1/turn               m - ring of protection from fire
MPRegen  0.2/turn               (no ring)

@: no status effects
A: beak, talons 3, able to fly 1
a: Fly


You were on level 3 of the Dungeon.
You were not hungry.

You visited 1 branch of the dungeon, and saw 3 of its levels.

You collected 100 gold pieces.

Inventory:

Hand Weapons
 a - a +1 dagger of draining (weapon)
Armour
 e - a +2 pair of gloves (worn)
 n - a +0 robe (worn)
 p - a +1 cloak (worn)
Jewellery
 m - a ring of protection from fire (left hand)
Scrolls
 d - a scroll of magic mapping {unknown}
 g - a scroll of remove curse
 i - 2 scrolls of identify
 j - a scroll of blinking {unknown}
Potions
 k - a potion of might
 q - 2 potions of cancellation
Books
 b - a book of Air

   Spells                             Type                      Level
   a - Shock                          Conjuration/Air              1
   b - Swiftness                      Charms/Air                   2
   c - Static Discharge               Conjuration/Air              3
   d - Airstrike                      Air                          4
   e - Lightning Bolt                 Conjuration/Air              5
Comestibles
 c - 2 bread rations
 f - a royal jelly
 h - a meat ration
 l - 4 fruits
 o - 2 chunks of flesh


   Skills:
 - Level 1.2 Short Blades
 - Level 2.9 Dodging
 - Level 2.7 Stealth
 + Level 3.0 Spellcasting
 - Level 2.2 Conjurations
 - Level 4.7 Air Magic


You had 4 spell levels left.
You knew the following spells:

 Your Spells              Type           Power        Failure   Level  Hunger
a - Shock                 Conj/Air       ##..         4%          1    #......
b - Swiftness             Chrm/Air       ##......     11%         2    ##.....
c - Static Discharge      Conj/Air       ##......     13%         3    ###....


Dungeon Overview and Level Annotations

Branches:
Dungeon (3/15)

Altars:


Innate Abilities, Weirdness & Mutations

You have a beak for a mouth.
You have claws for feet.
You can fly.


Message History

The zap hits the orc priest.
The orc priest is heavily wounded.
The zap misses the orc priest.
Casting: Shock
Confirm with . or Enter, or press ? or * to list all spells.
Aiming: Shock
Press: ? - help, Shift-Dir - straight line The zap misses the orc priest.
The zap hits the orc priest.
The orc priest is heavily wounded.
Something barely misses you.
You hit the orc priest but do no damage.
The orc priest is heavily wounded.
Something hits you. x2
The orc priest mumbles some strange prayers to Beogh against you.
Beogh smites you!
* * * LOW HITPOINT WARNING * * *
The orc priest invokes the aid of Beogh against you.
Beogh smites you!
Ouch! That really hurt!
You die...

######## ###### #......#
#....# #......#
##########.##.# #......#
###..........##@# #......#
#....o####..oo.## #......#
##### #.#.#.#
##.###.####......###.... #
#.#...........+.............
#.#.##.###..#.#......###....
#.# #......#.#.###'####....
#o# ...#.....#>.[..........
#o# ##.#.#.....#####..##..#
o.. #........# #......#


You could see 2 orc priests.

Vanquished Creatures
  7 adders
  2 worms
  A dart slug (D:1)
  4 leopard geckos
  8 bats
  2 giant cockroaches (D:1)
  8 goblins
  4 hobgoblins
  4 kobolds
  A quokka (D:2)
  2 frilled lizards (D:3)
  2 rats (D:1)
45 creatures vanquished.

Notes
Turn   | Place    | Note
-------+----------+-------------------------------------------
     0 | D:1      | peteyfrogboy the Tengu Air Elementalist began the quest for the Orb.
     0 | D:1      | Reached XP level 1. HP: 10/10 MP: 4/4
   184 | D:1      | Reached XP level 2. HP: 15/15 MP: 0/6
   982 | D:2      | Reached XP level 3. HP: 10/19 MP: 1/7
  1209 | D:2      | Learned a level 2 spell: Swiftness
  1213 | D:2      | Learned a level 3 spell: Static Discharge
  1628 | D:3      | Reached XP level 4. HP: 20/24 MP: 5/9
  1801 | D:3      | Reached skill level 1 in Short Blades
  2266 | D:3      | Gained mutation: You can fly. [Tengu growth]
  2266 | D:3      | Reached XP level 5. HP: 28/28 MP: 6/10
  2357 | D:3      | Killed from afar by an orc priest

Skill      XL: |  1  2  3  4 |
---------------+-------------+-----
Short Blades   | 1 |  1.2
Conjurations   | 2 |  2.2
Spellcasting   | 3 |  3.0
Dodging        | |  2.9
Stealth        | |  2.7
Air Magic      | |  4.7

Action                   |  1- 3 |  4- 6 || total
-------------------------+-------+-------++-------
Melee: Short sword       |     9 |       ||     9
       Peck              |    10 |     2 ||    12
       Kick              |    11 |     1 ||    12
       Unarmed           |     1 |       ||     1
       Dagger            |    50 |    31 ||    81
 Cast: Shock             |    31 |    23 ||    54
       Static Discharge  |       |     1 ||     1
 Abil: Fly               |       |     1 ||     1
  Use: Potion            |     4 |       ||     4
       Scroll            |     8 |       ||     8
 Stab: Sleeping          |     2 |     2 ||     4
  Eat: Chunk             |     3 |     2 ||     5
Armor: Robe              |     7 |    25 ||    32
Dodge: Dodged            |    32 |    64 ||    96
